 Dungeon Crawl Stone Soup version 0.28-a0-845-gfc338a8e3c (webtiles) character file.

Game seed: 11019599635569771318

13994 Strat the Fighter (level 12, -12/93 HPs)
             Began as a Djinni Fire Elementalist on Nov 11, 2021.
             Was a Follower of Makhleb.
             Mangled by a boulder beetle (48 damage)
             ... on level 10 of the Dungeon on Nov 12, 2021.
             The game lasted 00:39:31 (16379 turns).

Strat the Fighter (Djinni Fire Elementalist)       Turns: 16379, Time: 00:39:31

Health: -12/93     AC: 11    Str:  8    XL:     12   Next: 39%
Gold:   422        EV: 18    Int: 20    God:    Makhleb [*.....] SH:  0 Dex: 18

rFire   + + .      SeeInvis .   a - +3 dagger
rCold   . . .      Faith    .   (no shield)
rNeg    . . .      Spirit   .   k - +2 robe {rC+}
rPois   ∞          Reflect  .   r - +2 helmet
rElec   .          Harm     .   m - +0 cloak
rCorr   .          Rampage  .   H - +2 pair of gloves {Dex+3}
Will    +....                   (boots unavailable)
Stlth   +++.......              (no amulet)
HPRegen 0.25/turn               (no ring)
MPRegen 0.00/turn               (no ring)

@: flying
A: sickness immunity, fire resistance 2, cold vulnerability 1, float, innate
caster, hp casting, extra vitality 1
a: Renounce Religion


You were on level 10 of the Dungeon.
You worshipped Makhleb.
Makhleb was aware of your devotion.
You visited 2 branches of the dungeon, and saw 11 of its levels.

You collected 422 gold pieces.

Inventory:

Hand Weapons
 a - a +3 dagger (weapon)
 b - a +2 spear of venom
 d - a +1 short sword
 A - a +0 vampiric trident
 E - the +3 great sword of Squeaky Prudence {speed, Str+4 Stlth+}
   (You found it on level 9 of the Dungeon)

   Attacks with this weapon are significantly faster.
   Str:       It affects your strength (+4).
   Stlth:     It makes you more stealthy.
 F - a +0 scimitar
Missiles
 e - 274 stones
 t - 3 silver javelins
 x - a throwing net
 z - 2 curare-tipped darts
Armour
 k - a +2 robe of cold resistance (worn)
 m - a +0 cloak (worn)
 r - a +2 helmet (worn)
 v - a +0 kite shield
 H - a +2 pair of gloves of dexterity (worn)
Wands
 i - a wand of charming (15)
 w - a wand of flame (31)
 y - a wand of mindburst (4)
Scrolls
 h - a scroll of fog
 p - 2 scrolls of enchant weapon
 D - a scroll of silence
Potions
 c - 2 potions of mutation
 f - 3 potions of ambrosia
 g - a potion of curing
 j - 3 potions of haste
 l - 2 potions of cancellation {unknown}
 n - a potion of attraction
 o - a potion of brilliance {unknown}
 q - 2 potions of lignification
 s - a potion of might
 u - 2 potions of heal wounds {unknown}
 G - a potion of berserk rage {unknown}
Miscellaneous
 B - a phantom mirror


   Skills:
 + Level 10.8 Fighting
 - Level 10.0 Dodging
 - Level 3.4 Stealth
 + Level 8.9 Spellcasting
 + Level 6.7 Invocations


You had 2 spell levels left.
You knew the following spells:

 Your Spells              Type           Power      Damage    Failure   Level
a - Foxfire               Conj/Fire      100%       2x1d9     1%          1
b - Scorch                Fire           88%        2d9       1%          2
c - Conjure Flame         Conj/Fire      44%        6-21      1%          3
d - Inner Flame           Hex/Fire       44%        N/A       1%          3
e - Flame Wave            Conj/Fire      44%        3d9       1%          4
f - Magic Dart            Conj           100%       1d8       1%          1
g - Wereblood             Tmut           44%        N/A       1%          2
h - Ozocubu's Armour      Ice            44%        N/A       1%          3
i - Ignite Poison         Fire/Tmut/Pois 44%        N/A       1%          3
j - Petrify               Tmut/Erth      44%        N/A       1%          4
Your spell library was empty.

Dungeon Overview and Level Annotations

Branches:
Dungeon (10/15)            Temple (1/1) D:7            Lair (0/6) D:10
    Orc: D:9-12

Altars:
Gozag
Kikubaaqudgha
Makhleb
Okawaru
Qazlal
Ru
Wu Jian
Xom
Yredelemnul
The Shining One

Shops:
D:2 =   D:4 *

Annotations:
D:5 2 transporters, Dowan; Duvessa; ThanksArdit's ghost, amateur MiGl


Innate Abilities, Weirdness & Mutations

You are immune to sickness and miasma.
You are immune to poison.
Your flesh is very heat resistant. (rF++)
You are vulnerable to cold. (rC-)
You float through the air rather than walking.
You learn spells naturally, not from books.
Your magical power is your life essence.
You have superior vitality. (+4 HP)


Message History

There is a stone staircase leading up, spattered with blood here.
(D) Dungeon (T) Temple (L) Lair
Where to? (Enter - D:9 @ (x,y), ? - help)
What level of the Lair of Beasts? (default 1, ? - help)
Things that are here:
a +0 ring mail; a +0 long sword
Things that are here:
a +1 robe of cold resistance; a staff of cold A boulder beetle is nearby!
The boulder beetle leaps!
The boulder beetle curls into a ball and begins rolling!
Okay, then.
The boulder beetle completely misses you.
The boulder beetle stops rolling and uncurls.
The boulder beetle curls into a ball and begins rolling!
The boulder beetle misses you.
The boulder beetle stops rolling and uncurls.
The boulder beetle curls into a ball and begins rolling!
The boulder beetle hits you!
The boulder beetle stops rolling and uncurls.
The boulder beetle leaps!
The boulder beetle leaps!
The boulder beetle curls into a ball and begins rolling!
You see here a +0 short sword.
The boulder beetle hits you!!
* * * LOW HITPOINT WARNING * * *
The boulder beetle stops rolling and uncurls.
There is an escape hatch in the ceiling here.
You hit the boulder beetle but do no damage.
The boulder beetle barely misses you.
The boulder beetle completely misses you.
The boulder beetle curls into a ball and begins rolling!
The boulder beetle hits you!!
* * * LOW HITPOINT WARNING * * *
The boulder beetle stops rolling and uncurls.
The boulder beetle waves its antennae.
The boulder beetle curls into a ball and begins rolling!
The boulder beetle hits you!!!
Ouch! That really hurt!
You die...

.....###.# #...# #.#####
####.....## #...# #[# #
####...## #...# ###.##### #
##.....#####...######.#......
##
#....................#...###c
.#
#........(............#..#.[.
##
#.........).........#......#.
#
##.....###.B....###.###......
### ##.○.## #○#@...#
##.#..####. ..# #.###
#°#....# ##.#...... #.# #.#
#°#[...# ####.##### #.#####.#
#.#...<# #.......# ........#
#......# #.##.##.## #.#######
####.######.##:..... #.#
###########..........####.##
..#
#..........###.####>.####.#
### #.####..##.#
#.####.......#


You could see a boulder beetle (rolling).

Vanquished Creatures
  Gastronok (D:9)
  Fannar (D:10)
  A hydra (D:8)
  A centaur warrior (D:10)
  2 two-headed ogres
  A tengu warrior (D:10)
  4 deep elf pyromancers (D:10)
  Maurice (D:9)
  2 dream sheep (D:8)
  A wraith (D:9)
  5 yaks (D:8)
  A wyvern (D:9)
  A steam dragon (D:8)
  7 vampire mosquitoes
  A floating eye (shapeshifter) (D:10)
  A water moccasin (D:6)
  An ice beast (D:6)
  5 orc warriors
  A black bear (D:3)
  2 ogres (D:6)
  2 sky beasts
  7 centaurs
  A necrophage (D:6)
  4 kobold brigands
  2 bullfrogs
  2 scorpions (D:5)
  A wyvern zombie (D:8)
  A wyvern skeleton (D:7)
  13 killer bees
  9 wights
  3 howler monkeys (D:10)
  A bullfrog zombie (D:6)
  3 jellies
  3 centaur zombies
  4 hounds
  2 centaur skeletons
  4 orc priests
  3 bullfrog skeletons
  An iguana (D:5)
  4 orc wizards
  2 killer bee zombies
  A hound zombie (D:5)
  A howler monkey zombie (D:9)
  4 adders
  A shadow imp (D:6)
  2 white imps
  An ufetubus (D:4)
  A worm (D:4)
  4 dart slugs
  11 orcs
  11 ball pythons
  2 endoplasms
  7 giant cockroaches
  14 goblins
  6 hobgoblins
  9 kobolds
  2 quokkas (D:1)
  A ball python zombie (D:1)
  5 bats
  2 frilled lizards
  A quokka zombie (D:1)
  3 rats
201 creatures vanquished.

Vanquished Creatures (others)
  An orc wizard (D:9)
  214 foxfires
  6 plants (D:8)
221 creatures vanquished.

Grand Total: 422 creatures vanquished

Notes
Turn   | Place    | Note
-------+----------+-------------------------------------------
     0 | D:1      | Strat the Djinni Fire Elementalist began the quest for the
                  | Orb.
     0 | D:1      | Reached XP level 1. HP: 15/15 MP: 0/0
   248 | D:1      | Reached XP level 2. HP: 19/22 MP: 0/0
   483 | D:1      | Reached skill level 1 in Fighting
   616 | D:1      | Reached XP level 3. HP: 26/27 MP: 0/0
   616 | D:1      | Learned a level 1 spell: Magic Dart
  1274 | D:2      | Found Rodong's Jewellery Boutique.
  1753 | D:2      | Reached XP level 4. HP: 24/33 MP: 0/0
  2530 | D:3      | Noticed a black bear
  2564 | D:3      | Killed a black bear
  2565 | D:3      | Reached XP level 5. HP: 10/39 MP: 0/0
  2565 | D:3      | Learned a level 2 spell: Wereblood
  3189 | D:4      | Reached XP level 6. HP: 42/45 MP: 0/0
  3509 | D:4      | Found an ornate altar of the Wu Jian Council.
  3744 | D:4      | Found Zerchurr's CLEARANCE SALE!.
  3944 | D:5      | Entered Level 5 of the Dungeon
  3947 | D:5      | Noticed Duvessa
  3947 | D:5      | Noticed Dowan
  3988 | D:5      | Reached XP level 7. HP: 40/51 MP: 0/0
  3988 | D:5      | Learned a level 3 spell: Ozocubu's Armour
  4522 | D:5      | Found a transporter.
  4526 | D:5      | Noticed ThanksArdit's ghost (amateur MiGl)
  4552 | D:5      | Found a transporter.
  4659 | D:5      | Reached skill level 5 in Fighting
  5033 | D:5      | Reached XP level 8. HP: 50/59 MP: 0/0
  5407 | D:6      | Reached skill level 5 in Spellcasting
  6516 | D:6      | Reached XP level 9. HP: 58/66 MP: 0/0
  6516 | D:6      | Learned a level 3 spell: Ignite Poison
  6874 | D:7      | Reached skill level 5 in Dodging
  7733 | D:7      | Found a staircase to the Ecumenical Temple.
  7869 | Temple   | Entered the Ecumenical Temple
  7877 | Temple   | Became a worshipper of Makhleb the Destroyer
  8464 | D:8      | Noticed a two-headed ogre
  8712 | D:8      | Reached XP level 10. HP: 69/76 MP: 0/0
  9844 | D:8      | Killed a two-headed ogre
 10138 | D:8      | Noticed a three-headed hydra
 10205 | D:8      | Reached skill level 10 in Fighting
 10313 | D:8      | Killed a three-headed hydra
 10314 | D:8      | Reached skill level 10 in Dodging
 10314 | D:8      | Reached skill level 1 in Invocations
 10314 | D:8      | Reached XP level 11. HP: 74/85 MP: 0/0
 10314 | D:8      | Learned a level 4 spell: Petrify
 10398 | D:9      | Noticed Maurice
 10729 | D:9      | Reached * piety under Makhleb
 10963 | D:9      | Killed Maurice
 11057 | D:9      | Noticed a two-headed ogre
 11098 | D:9      | Killed a two-headed ogre
 11486 | D:9      | Noticed Gastronok
 11572 | D:9      | Killed Gastronok
 11864 | D:9      | Reached skill level 5 in Invocations
 12036 | D:9      | Identified the +3 great sword of Squeaky Prudence {speed,
                  | Str+4 Stlth+}
 13161 | D:10     | Entered Level 10 of the Dungeon
 13611 | D:10     | Noticed a green ugly thing
 13611 | D:10     | Noticed a cyan ugly thing
 13611 | D:10     | Noticed a centaur warrior
 13611 | D:10     | Noticed a deep elf pyromancer
 13611 | D:10     | Noticed a deep elf pyromancer
 13611 | D:10     | Noticed a deep elf pyromancer
 13611 | D:10     | Noticed a boulder beetle
 13616 | D:10     | Noticed a deep elf pyromancer
 13744 | D:10     | Noticed Fannar
 13792 | D:10     | Killed Fannar
 13873 | D:10     | Found a staircase to the Lair.
 14095 | D:10     | Killed a deep elf pyromancer
 14096 | D:10     | Reached XP level 12. HP: 71/91 MP: 0/0
 14264 | D:10     | Noticed a tengu warrior
 14300 | D:10     | Killed a tengu warrior
 15599 | D:10     | Upgraded the game from 0.28-a0-834-g1a73be5ee4 to
                  | 0.28-a0-845-gfc338a8e3c
 15658 | D:10     | Killed a centaur warrior
 16379 | D:10     | Mangled by a boulder beetle

Illustrated notes

Levels and vault maps discovered:
D:1:      saegor_arrival_fortress, layout_rooms
D:2:      layout_basic, serial_shops, shop
D:3:      layout_loops_ring
D:4:      layout_basic, pdpol_wu_jian_five_deadly_venoms, nicolae_shop_clearance
D:5:      layout_gridville, gammafunk_ghost_mausoleum, amethyst_killhole,
          uniq_duvessa
D:6:      layout_loops_ring
D:7:      layout_rooms, minmay_temple_entry_statues_pillars
D:8:      layout_loops_ring, hangedman_ranch
D:9:      layout_basic, kennysheep_generic_room_13, uniq_gastronok, uniq_maurice
D:10:     layout_loops_cross, lair_entry_dummy, minivault_28, uniq_fannar
Temple:   compressed_dpeg_triangle_lava_temple

Skill      XL: |  1  2  3  4  5  6  7  8  9 10 11 12 |
---------------+-------------------------------------+-----
Fighting       | 1 2 3 5 8 10 | 10.8
Stealth        | 2 3 |  3.4
Spellcasting   | 3 4 6 8 |  8.9
Dodging        | 4 7 10 | 10.0
Invocations    | 1 5 6 |  6.7

Action                   |  1- 3 |  4- 6 |  7- 9 | 10-12 || total
-------------------------+-------+-------+-------+-------++-------
Melee: Unarmed           |     2 |       |       |       ||     2
       Short sword       |     2 |    14 |     1 |       ||    17
       Dagger            |       |       |     1 |     1 ||     2
       Spear             |       |       |    60 |   313 ||   373
 Cast: Foxfire           |    52 |    42 |    33 |     1 ||   128
       Scorch            |     5 |    21 |    98 |   114 ||   238
       Conjure Flame     |       |     1 |    21 |    30 ||    52
       Flame Wave        |       |       |     3 |    21 ||    24
       Ozocubu's Armour  |       |       |     1 |       ||     1
       Petrify           |       |       |       |     6 ||     6
Evoke: Wand              |       |       |       |     8 ||     8
  Use: Scroll            |       |     9 |     6 |     7 ||    22
       Potion            |       |       |       |     2 ||     2
 Stab: Sleeping          |       |     2 |     1 |     1 ||     4
       Petrified         |       |       |       |     7 ||     7
       Distracted        |       |       |       |     1 ||     1
Armor: Robe              |     5 |    18 |    33 |   120 ||   176
Dodge: Dodged            |    19 |    25 |   111 |   283 ||   438

Table legend: (Time is in decaauts)
 A = Elapsed time spent in this place.
 B = Non-inter-level travel time spent in this place.
 C = Inter-level travel time spent in this place.
 D = Time resting spent in this place.
 E = Time spent auto-exploring this place.
 F = Levels seen in this place.
 G = Mean time per level.
                   A        B        C        D        E       F      G
               +--------+--------+--------+--------+--------+-----+--------+
         Total |  16485 |  15824 |    661 |   6899 |   5424 |  11 | 1498.6 |
       Dungeon |  16471 |  15814 |    657 |   6899 |   5424 |  10 | 1647.1 |
        Temple |     13 |      9 |      4 |      0 |      0 |   1 |   13.0 |
               +--------+--------+--------+--------+--------+-----+--------+

Top non-repeatable levels by time:
     D:9: 3784 daAuts
     D:8: 2836 daAuts
    D:10: 1945 daAuts
     D:6: 1309 daAuts
     D:7: 1237 daAuts
     D:5: 1120 daAuts
     D:3: 1117 daAuts
     D:4: 1099 daAuts
     D:1: 1072 daAuts
     D:2: 948 daAuts
  Temple: 13 daAuts
